 Dungeon Crawl Stone Soup version 0.23.2-33-g5129a83184 (webtiles) character file.

Game seed: 17219839643163788310

233 Kold the Insei (level 6, -2/38 HPs)
             Began as an Octopode Transmuter on July 20, 2019.
             Blown up by Ijyb (18 damage)
             ... with a wand of disintegration (7)
             ... on level 4 of the Dungeon.
             The game lasted 00:04:37 (3214 turns).

Kold the Insei (Octopode Transmuter)                Turns: 3214, Time: 00:04:37

Health: -2/38      AC: -1    Str: 11    XL:     6   Next: 5%
Magic:  9/9        EV: 14    Int: 16    God:
Gold:   157        SH:  0    Dex: 12    Spells: 5/9 levels left

rFire    . . .     SeeInvis .     - Unarmed
rCold    . . .     Gourm    .   (no shield)
rNeg     . . .     Faith    .   (helmet restricted)
rPois    .         Spirit   .   (no amulet)
rElec    .         Reflect  .   h - -2 ring of protection (curse)
rCorr    .         Harm     .   (no ring)
MR       .....                  (no ring)
Stlth    +++.......             (no ring)
HPRegen  0.12/turn              (no ring)
MPRegen  0.11/turn              (no ring)
                                (no ring)
                                (no ring)

@: appendage (expiring)
A: almost no armour, stealthy swim, amphibious, 8 rings, constrict 8, tentacle
spike 3, camouflage 1, gelatinous body 1
a: End Transformation


You were on level 4 of the Dungeon.
You were not hungry.
One of your tentacles had a temporary spike.
You visited 1 branch of the dungeon, and saw 4 of its levels.

You collected 157 gold pieces.

Inventory:

Missiles
 a - 12 arrows
Jewellery
 f - an uncursed ring of flight {unknown}
 h - a cursed -2 ring of protection (left tentacle)
Scrolls
 g - a scroll of amnesia
 i - a scroll of fog
 k - a scroll of remove curse {unknown}
 l - a scroll of noise {unknown}
Potions
 b - 2 potions of resistance {unknown}
 d - a potion of berserk rage
 e - 2 potions of lignification {unknown}
 j - a potion of ambrosia {unknown}
Comestibles
 c - 7 rations


   Skills:
 - Level 1.0 Fighting
 + Level 3.3 Dodging
 + Level 3.6 Stealth
 + Level 4.1 Unarmed Combat
 - Level 2.0 Spellcasting
 + Level 3.3 Transmutations
 + Level 1.7 Poison Magic


You had 5 spell levels left.
You knew the following spells:

 Your Spells              Type           Power        Failure   Level  Hunger
a - Beastly Appendage     Tmut           ##....       5%          1    #......
b - Spider Form           Tmut/Pois      #.........   22%         3    ###....

Your spell library contained the following spells:

 Spells                   Type           Power        Failure   Level  Hunger
 Sticks to Snakes         Tmut           ##......     9%          2    ###....
 Ice Form                 Ice/Tmut       #.......     71%         4    #####..
 Blade Hands              Tmut           ##........   83%         5    ######.


Dungeon Overview and Level Annotations

Branches:
Dungeon (4/15)
 Temple: D:4-7

Altars:
Dithmenos
Elyvilon
Sif Muna
Trog

Annotations:
D:4 Ijyb


Innate Abilities, Weirdness & Mutations

You cannot wear most types of armour.
You are very stealthy in the water. (Stealth+)
You are amphibious.
You can wear up to eight rings at the same time.
You can use your tentacles to constrict eight enemies at once.
Your skin changes colour to match your surroundings (Stealth+).
Your rubbery body absorbs attacks. (AC +1, EV +1)
One of your tentacles bears a large vicious spike.


Message History

Your grab misses Ijyb.
Your tentacle spike misses Ijyb.
Ijyb is lightly wounded.
Ijyb zaps a wand.
You barely resist. You barely miss Ijyb. Your grab misses Ijyb.
Your squeeze misses Ijyb.
Ijyb is lightly wounded.
Your transformation is almost over.
You tentacle-slap Ijyb but do no damage.
Your grab misses Ijyb.
Ijyb is lightly wounded.
Ijyb hits you with a +0 club.
You closely miss Ijyb. You grab Ijyb.
You pierce Ijyb.
Ijyb is lightly wounded.
You constrict Ijyb, but do no damage.
Ijyb zaps a wand.
You are blasted!
You barely miss Ijyb.
You pierce Ijyb.
Ijyb is moderately wounded.
You constrict Ijyb, but do no damage. Ijyb barely misses you.
You tentacle-slap Ijyb.
You pierce Ijyb.
You squeeze Ijyb.
Ijyb is almost dead.
You constrict Ijyb.
Ijyb zaps a wand.
You are blasted!
You die...

#..## #.# #.##
#.# +..#####.#
#.....##.#
#.##...#.#
#.#.###..# #.#.#
.# ####+#####...#
......g@....#...#
.^..........#####
#############


You could see Ijyb.

Vanquished Creatures
  An ogre (D:2)
  An orc wizard (D:3)
  Terence (D:2)
  3 adders
  2 oozes (D:2)
  2 worms (D:2)
  A dart slug (D:1)
  2 leopard geckos (D:2)
  4 orcs (D:3)
  6 giant cockroaches
  7 goblins
  6 hobgoblins
  8 kobolds
  A quokka (D:4)
  4 ball pythons
  3 bats
  2 frilled lizards
  6 rats
60 creatures vanquished.

Notes
Turn   | Place    | Note
-------+----------+-------------------------------------------
     0 | D:1      | Kold the Octopode Transmuter began the quest for the Orb.
     0 | D:1      | Reached XP level 1. HP: 13/13 MP: 3/3
   126 | D:1      | Reached skill level 1 in Stealth
   126 | D:1      | Reached XP level 2. HP: 18/18 MP: 3/5
   788 | D:2      | Reached XP level 3. HP: 21/23 MP: 4/6
  1387 | D:2      | Noticed Terence
  1421 | D:2      | Killed Terence
  1421 | D:2      | Reached XP level 4. HP: 18/28 MP: 5/7
  1444 | D:2      | Found a bloodstained altar of Trog.
  1562 | D:2      | Learned a level 3 spell: Spider Form
  1628 | D:2      | Found a deep blue altar of Sif Muna.
  1628 | D:2      | Found a white marble altar of Elyvilon.
  1680 | D:2      | Noticed an ogre
  1695 | D:2      | Killed an ogre
  1695 | D:2      | Reached skill level 1 in Poison Magic
  1695 | D:2      | Reached XP level 5. HP: 9/33 MP: 6/8
  1971 | D:2      | Found a shadowy altar of Dithmenos.
  2910 | D:3      | Reached skill level 4 in Unarmed Combat
  2926 | D:3      | Reached XP level 6. HP: 27/38 MP: 7/9
  3202 | D:4      | Noticed Ijyb
  3214 | D:4      | Blown up by Ijyb

Skill      XL: |  1  2  3  4  5 |
---------------+----------------+-----
Stealth        | 1 2 3 |  3.6
Dodging        | 3 |  3.3
Transmutations | 3 |  3.3
Poison Magic   | 1 |  1.7
Unarmed Combat | 4 |  4.1
Fighting       | |  1.0
Spellcasting   | |  2.0

Action                   |  1- 3 |  4- 6 || total
-------------------------+-------+-------++-------
Melee: Unarmed           |    71 |    79 ||   150
       Constrict         |    18 |    19 ||    37
       Kick              |    10 |    19 ||    29
       Tentacles         |     8 |     8 ||    16
       Punch             |     2 |       ||     2
 Cast: Beastly Appendage |    20 |    14 ||    34
  Use: Scroll            |     3 |     2 ||     5
 Stab: Sleeping          |    11 |     5 ||    16
  Eat: Chunk             |     2 |     6 ||     8
Armor: Skin              |     4 |       ||     4
Dodge: Dodged            |    33 |    67 ||   100
